Map: Persephone LE

Players

Lambo

  • Race: Zerg Zerg
  • Spawn Location: 11:00

Krystianer - Winner!

  • Race: Protoss Protoss
  • League: Master
  • Spawn Location: 7:00

Event: FEL Cracov 2025

VOD

Have the link to the VOD?

Description

Time

  • Played on: July 27, 2025, 1:07 p.m.
  • Length: 12:14

All games in this series

Show
View Real Time Build Order
Export as new Build Order

Lambo Zerg 

Build Orders: Hatch First 

Get SALT Encoding   

  12  0:00  Drone  
  13  0:08  Drone  
  14  0:14  Extractor, Drone  
  14  0:21  Overlord  
  15  0:39  Drone  
  16  0:45  Hatchery  
  16  0:48  Drone  
  16  0:51  Drone  
  16  0:55  Drone  
  18  1:05  Extractor  
  18  1:10  Spawning Pool  
  16  1:13  Drone  
  16  1:17  Drone  
  18  1:26  Drone  
  19  1:37  Drone  
  20  1:47  Drone  
  21  1:57  Queen  
  21  1:58  Queen, Zergling x2  
  21  2:00  Overlord  
  26  2:07  Drone  
  27  2:09  Drone, Metabolic Boost  
  28  2:18  Drone  
  28  2:21  Drone  
  30  2:29  Drone  
  31  2:31  Drone  
  31  2:33  Queen  
  34  2:41  Hatchery  
  33  2:46  Overlord  
  33  2:51  Zergling x4  
  35  2:55  Zergling x2  
  36  3:07  Drone x7  
  36  3:10  Drone  
  44  3:24  Evolution Chamber  
  44  3:26  Drone  
  44  3:29  Spore Crawler  
  44  3:32  Drone  
  43  3:34  Drone  
  43  3:39  Drone  
  43  3:52  Overlord  
  43  3:53  Queen  
  43  3:54  Drone x3  
  43  3:55  Drone  
  49  3:56  Spore Crawler  
  49  3:57  Overlord  
  49  3:59  Queen, Extractor  
  50  4:03  Overlord  
  50  4:12  Drone x7  
  50  4:13  Drone  
  50  4:17  Drone  
  58  4:22  Drone  
  59  4:25  Drone  
  59  4:26  Zergling x4  
  59  4:27  Zergling x4  
  64  4:34  Roach Warren  
  64  4:35  Drone  
  63  4:39  Drone x5  
  63  4:43  Drone  
  69  4:47  Lair  
  69  4:49  Extractor, Overlord  
  69  4:51  Zergling x6, Extractor  
  70  4:54  Extractor  
  70  4:59  Zergling x2  
  71  5:00  Zergling x2  
  71  5:03  Zergling x4  
  71  5:05  Drone  
  72  5:15  Spore Crawler  
  72  5:20  Evolution Chamber  
  70  5:26  Roach x5  
  70  5:27  Overlord  
  81  5:30  Overlord  
  81  5:32  Overlord x2  
  81  5:33  Overlord  
  81  5:45  Roach x3  
  81  5:46  Roach  
  81  5:48  Overlord  
  89  5:51  Zergling x14  
  96  5:59  Zergling x6  
  96  6:01  Ravager x4  
  96  6:03  Queen  
  105  6:04  Zergling x4  
  105  6:05  Roach  
  109  6:12  Roach x2  
  109  6:16  Roach  
  115  6:23  Roach x6  
  126  6:26  Zergling x4  
  127  6:36  Ravager x2  
  127  6:37  Zergling x2  
  127  6:38  Zergling x4  
  129  6:45  Zergling x4  
  123  6:51  Roach x4  
  123  6:53  Roach  
  126  6:54  Roach x2  
  126  6:58  Roach x3  
  122  7:02  Roach  
  122  7:06  Queen x3  
  129  7:08  Roach x3  
  129  7:11  Zergling x2  
  129  7:15  Zergling x2  
  123  7:18  Roach x3  
  123  7:19  Zergling x2  
  123  7:20  Overlord  
  130  7:25  Overlord  
  130  7:27  Glial Reconstitution  
  130  7:31  Overlord  
  130  7:34  Overlord  
  130  7:37  Overlord  
  130  7:42  Zergling x4  
  130  7:44  Ravager x2  
  130  7:46  Roach x3, Zergling x2  
  130  7:49  Zergling x2  
  137  7:54  Zergling x10  
  130  7:59  Ravager  
  130  8:00  Zergling x2  
  130  8:04  Zergling x6  
  133  8:06  Ravager x2  
  130  8:16  Roach x3  
  134  8:23  Roach x2  
  134  8:25  Roach  
  122  8:35  Roach x2, Queen x2  
  118  8:43  Roach  
  118  8:46  Roach x2  
  107  8:49  Roach  
  96  8:57  Extractor  
  96  9:02  Roach x3  
  90  9:05  Roach  
  90  9:06  Roach x8  
  90  9:08  Queen  
  110  9:15  Zergling x6  
  113  9:19  Zergling x4  
  113  9:20  Ravager x2  
  113  9:24  Extractor, Zergling x2  
  117  9:34  Zergling x6  
  117  9:35  Spire  
  117  9:37  Ravager  
  120  9:40  Zergling x4  
  120  9:44  Zergling x2  
  123  9:48  Zergling x10  
  123  9:49  Ravager  
  123  9:51  Zergling x4  
  131  9:57  Roach x2  
  112  10:06  Roach x3  
  92  10:13  Queen  
  83  10:15  Zergling x6  
  86  10:27  Zergling x6  
  87  10:46  Mutalisk x7  
  87  10:47  Hatchery  
  97  10:51  Mutalisk  
  96  10:58  Mutalisk x2  
  88  11:04  Mutalisk x2  
  89  11:13  Mutalisk  
  89  11:15  Mutalisk  
  77  11:28  Zergling x6  
  75  11:39  Mutalisk x2  
  61  12:07  Extractor x2  
Show
View Real Time Build Order
Export as new Build Order

Krystianer Protoss - Winner!

Build Orders: 1 Gate Expand, Oracle Opening, Archon Immortal 

Get SALT Encoding   

  12  0:00  Probe  
  13  0:12  Probe  
  14  0:18  Pylon  
  14  0:23  Probe  
  15  0:32  Probe  
  15  0:40  Gateway, Probe  
  16  0:46  Assimilator  
  17  0:52  Probe  
  18  1:04  Probe  
  19  1:16  Probe  
  20  1:23  Nexus  
  20  1:32  Cybernetics Core  
  20  1:35  Probe  
  21  1:40  Assimilator  
  21  1:48  Probe  
  21  1:51  Pylon  
  22  1:59  Adept  
  22  2:00  Probe  
  23  2:12  Probe  
  26  2:18  Stargate  
  26  2:19  Adept  
  26  2:24  Probe  
  29  2:31  Probe  
  29  2:36  Probe, Warp Gate  
  31  2:40  Probe  
  32  2:48  Probe  
  32  2:49  Adept, Probe  
  35  2:55  Oracle  
  36  3:00  Probe  
  36  3:01  Probe  
  41  3:12  Probe  
  42  3:13  Probe  
  42  3:18  Pylon  
  43  3:24  Probe  
  43  3:26  Probe, Oracle  
  45  3:36  Probe  
  45  3:38  Probe  
  48  3:45  Nexus  
  46  3:49  Probe  
  46  3:51  Probe  
  46  3:53  Gateway  
  48  3:56  Assimilator  
  48  3:57  Assimilator  
  48  4:01  Probe  
  49  4:03  Probe  
  49  4:05  Pylon  
  50  4:13  Probe  
  50  4:16  Probe  
  52  4:22  Twilight Council  
  52  4:23  Forge  
  52  4:25  Adept, Probe  
  52  4:28  Probe  
  56  4:31  Robotics Facility  
  56  4:37  Probe  
  57  4:40  Probe  
  55  4:45  Adept  
  55  4:47  Adept  
  55  4:49  Probe  
  55  4:51  Gateway  
  55  4:52  Gateway, Probe  
  61  4:57  Probe  
  61  4:58  Protoss Ground Weapons Level 1, Charge  
  62  5:01  Probe  
  62  5:04  Probe  
  64  5:08  Immortal  
  64  5:09  Probe  
  64  5:13  Probe  
  64  5:14  Templar Archives  
  66  5:16  Probe  
  67  5:21  Probe  
  67  5:25  Probe  
  67  5:26  Assimilator  
  67  5:28  Probe  
  67  5:29  Shield Battery, Assimilator  
  67  5:32  Pylon  
  67  5:33  Zealot  
  67  5:34  Probe  
  71  5:36  Zealot  
  71  5:40  Pylon  
  71  5:41  Immortal  
  73  5:46  Probe  
  73  5:47  Probe  
  75  5:56  High Templar x2  
  83  5:59  Zealot x2  
  83  6:00  Archon  
  87  6:05  Shield Battery  
  87  6:09  Gateway x2  
  87  6:10  Shield Battery  
  87  6:11  Pylon  
  87  6:19  Zealot x2  
  91  6:25  Immortal  
  91  6:29  Shield Battery  
  91  6:30  Shield Battery  
  91  6:33  Zealot  
  91  6:34  Zealot  
  93  6:41  High Templar x2  
  93  6:45  Archon  
  91  6:51  Immortal  
  89  6:55  Zealot  
  89  6:57  Zealot  
  81  7:04  Zealot x2  
  85  7:15  Zealot x2  
  85  7:16  Zealot  
  85  7:17  Zealot  
  85  7:20  Protoss Ground Weapons Level 2, Immortal  
  85  7:21  Gateway  
  85  7:22  Shield Battery  
  89  7:23  Pylon  
  89  7:24  Gateway  
  89  7:26  Gateway  
  89  7:27  Zealot x2  
  93  7:35  Pylon  
  97  7:37  Pylon  
  97  7:39  High Templar x2  
  97  7:44  Archon, Zealot x2  
  99  7:50  Zealot x2  
  97  8:02  Robotics Facility  
  97  8:04  Gateway  
  97  8:05  Zealot x2  
  101  8:08  Pylon  
  101  8:12  Zealot x3  
  103  8:18  Zealot x2  
  96  8:25  Zealot x3  
  98  8:27  Pylon  
  98  8:30  Zealot x3  
  98  8:33  Zealot x2  
  98  8:34  Immortal  
  97  8:38  Zealot x2  
  91  8:47  Probe  
  87  8:51  Zealot x2  
  87  8:52  Zealot, Probe  
  87  8:53  Probe, Pylon  
  87  8:55  Zealot x2  
  86  9:03  High Templar  
  86  9:04  High Templar x2, Immortal  
  86  9:05  Probe  
  86  9:06  Psionic Storm  
  86  9:08  Archon  
  93  9:14  Immortal  
  101  9:20  Sentry  
  103  9:25  High Templar  
  103  9:26  Zealot x2  
  109  9:33  Archon  
  109  9:37  Zealot x3  
  115  9:42  Zealot  
  117  9:50  High Templar x2  
  121  9:59  Warp Prism  
  107  10:01  Zealot x5  
  109  10:12  High Templar x2  
  108  10:16  Probe x3  
  108  10:21  High Templar  
  113  10:27  High Templar, Zealot  
  113  10:28  Probe  
  118  10:31  Zealot x3  
  124  10:35  Zealot  
  124  10:38  Pylon  
  123  10:48  Zealot x3  
  123  10:57  Zealot x2  
  119  11:06  Zealot  
  119  11:07  Zealot  
  115  11:18  Photon Cannon  
  115  11:24  High Templar x3  
  119  11:25  High Templar  
  119  11:29  Zealot x2  
  119  11:30  Zealot, Archon  
  119  11:32  Archon  
  115  11:40  Zealot x2  
  113  11:49  Archon  
  105  12:00  Zealot x6  
Tags
 
Add a new tag
Caveats
  • Supply blocks, unpowered buildings, or Contaminate may cause inaccurate times.
  • Supply counts are checked every 10 seconds.